 Dungeon Crawl Stone Soup version 0.30.0-29-ga12c61a403 (webtiles) character file.

Game seed: 3816649907761704612

6610 Fodor the Carver (level 10, -10/88 HPs)
             Began as a Minotaur Fighter on June 23, 2023.
             Was an Initiate of Gozag.
             Mangled by a quicksilver ooze (16 damage)
             ... in an ice cave.
             The game lasted 00:47:10 (9754 turns).

Fodor the Carver (Minotaur Fighter)                 Turns: 9754, Time: 00:47:11

Health: -10/88     AC: 27    Str: 25    XL:     10   Next: 71%
Magic:  1/9        EV:  6    Int:  5    God:    Gozag
Gold:   208        SH:  0    Dex: 16    Spells: 9/9 levels left

rFire   . . .        M - +9 dire flail (heavy)
rCold   . . .        (shield currently unavailable)
rNeg    . . .        L - +3 crystal plate armour
rPois   .            (helmet restricted)
rElec   .            (no cloak)
rCorr   .            (no gloves)
SInv    .            (no boots)
Will    .....        E - amulet of the acrobat Stlth
                     r - +6 ring of dexterity
HPRegen 0.34/turn    t - +4 ring of protection
MPRegen 0.11/turn

%: acrobat
@: engulfed (cannot breathe), gold aura
A: horns 2, retaliatory headbutt
a: Renounce Religion, Potion Petition, Call Merchant, Bribe Branch


You were in an ice cave.
You worshipped Gozag.
Gozag was aware of your devotion.
You visited 3 branches of the dungeon, and saw 11 of its levels.
You also visited: Ossuary, Bailey and Ice Cave.

You collected 1621 gold pieces.
You spent 1068 gold pieces at shops.
You paid 345 gold pieces to Gozag.

Inventory:

Hand Weapons
 a - a +1 long sword
 G - a +0 shortbow
 M - a +9 heavy dire flail (weapon)
Missiles
 h - a throwing net (quivered)
 s - 4 poisoned darts
 N - a boomerang of dispersal
 O - 3 javelins
 R - 2 silver boomerangs
Armour
 c - a +0 buckler
 K - a +0 chain mail
 L - a +3 crystal plate armour (worn)
Jewellery
 r - a +6 ring of dexterity (left hand)
 t - a +4 ring of protection (right hand)
 E - an amulet of the acrobat (around neck)
 J - a ring of flight
 P - an amulet of regeneration
Wands
 z - a wand of flame (20)
 B - a wand of paralysis (21)
 Q - a wand of iceblast (4)
Scrolls
 b - a scroll of silence
 f - 2 scrolls of poison
 g - 7 scrolls of teleportation
 p - 2 scrolls of blinking
 u - a scroll of immolation {unknown}
 v - a scroll of enchant weapon
 y - a scroll of magic mapping {unknown}
 A - a scroll of fear
 C - a scroll of brand weapon {unknown}
 D - a scroll of butterflies {unknown}
 S - a scroll of acquirement {unknown}
Potions
 d - 3 potions of might
 e - 4 potions of curing
 j - 2 potions of mutation {unknown}
 k - 2 potions of haste {unknown}
 l - 4 potions of brilliance
 m - a potion of invisibility {unknown}
 o - 2 potions of lignification {unknown}
 q - a potion of experience {unknown}
 w - 3 potions of attraction {unknown}
 x - a potion of berserk rage
 F - 2 potions of ambrosia {unknown}
 I - 5 potions of flight
 T - a potion of cancellation {unknown}
 V - 2 potions of magic {unknown}
Miscellaneous
 n - a condenser vane (inert)


   Skills:
 + Level 7.7 Fighting
 + Level 10.3 Long Blades
 + Level 9.3 Maces & Flails
 + Level 1.8 Throwing
 + Level 9.9 Armour
 + Level 3.6 Dodging
 + Level 2.7 Stealth
 + Level 6.4 Shields
 + Level 0.1 Evocations


You had 9 spell levels left.
You didn't know any spells.
Your spell library contained the following spells:

 Spells                   Type           Power      Damage    Failure   Level
 Blink                    Tloc           0%         N/A       100%        2
 Lesser Beckoning         Tloc           0%         N/A       100%        2
 Momentum Strike          Conj/Tloc      0%         3d8       100%        2
 Scorch                   Fire           0%         2d5       100%        2
 Sublimation of Blood     Necr           0%         N/A       100%        2
 Inner Flame              Hex/Fire       0%         N/A       100%        3
 Volatile Blastmotes      Fire/Tloc      0%         2d10      100%        3
 Flame Wave               Conj/Fire      0%         2d4       100%        4
 Fulminant Prism          Conj/Hex       0%         3d5       100%        4
 Iskenderun's Mystic Bla  Conj/Tloc      0%         2d3       100%        4
 Petrify                  Tmut/Erth      0%         N/A       100%        4
 Blade Hands              Tmut           0%         N/A       100%        5
 Irradiate                Conj/Tmut      0%         3d11      100%        5
 Lee's Rapid Deconstruct  Erth           0%         3d4*      100%        5
 Yara's Violent Unravell  Hex/Tmut       0%         3d3       100%        5
 Summon Cactus Giant      Summ           0%         N/A       100%        6
 Dragon Form              Tmut           0%         N/A       100%        7
 Enfeeble                 Hex            0%         N/A       100%        7


Dungeon Overview and Level Annotations

Branches:
Dungeon (9/15)             Temple (1/1) D:4            Lair (1/5) D:9
Ossuary (visited)          Bailey (visited)           IceCv (1/1)
    Orc: D:9-12

Altars:
Ashenzari
Cheibriados
Dithmenos
Elyvilon
Fedhas
Gozag
Hepliaklqana
Kikubaaqudgha
Makhleb
Nemelex Xobeh
Okawaru
Qazlal
Ru
Sif Muna
Trog
Uskayaw
Vehumet
Wu Jian
Xom
Yredelemnul
Zin
The Shining One

Shops:
D:4 *   D:9 !


Innate Abilities, Weirdness & Mutations

You have a pair of horns on your head.
You reflexively headbutt those who attack you in melee.


Message History

You sock the quicksilver ooze!
The quicksilver ooze is almost dead.
Your lungs strain for air!
The quicksilver ooze hits you.
The quicksilver ooze completely misses you.
The quicksilver ooze hits you. x2
The shapeshifter simulacrum hits you but does no damage.
Clouds of negative energy condense around you!
The condenser dries out!
* * * LOW HITPOINT WARNING * * *
Your lungs strain for air!
The quicksilver ooze hits you.
* * * LOW HITPOINT WARNING * * *
The quicksilver ooze hits you but does no damage.
The quicksilver ooze hits you!
* * * LOW HITPOINT WARNING * * *
The quicksilver ooze hits you but does no damage.
The shapeshifter simulacrum barely misses you.
You feel much better.
* * * LOW HITPOINT WARNING * * *
Your lungs strain for air!
The quicksilver ooze hits you!
* * * LOW HITPOINT WARNING * * *
The quicksilver ooze closely misses you.
The shapeshifter simulacrum hits you but does no damage.
You feel better.
* * * LOW HITPOINT WARNING * * *
Your lungs strain for air!
The quicksilver ooze barely misses you.
The quicksilver ooze hits you but does no damage.
The glowing shapeshifter simulacrum is distracted by your dazzling golden aura.
The quicksilver ooze jiggles.
The quicksilver ooze hits you.
The quicksilver ooze hits you but does no damage.
You feel better.
* * * LOW HITPOINT WARNING * * *
Your lungs strain for air!
The quicksilver ooze hits you!
You die...
Your body crumbles into a pile of gold.

..... ....
#... ...
##.. #Z.#
##ZJ# #§@#
#..# ##..#
#..## ###
#..#
##.####.##
#...##..#
#∩∩.....#
#...##..#


You could see a quicksilver ooze, a shapeshifter simulacrum and a glowing
shapeshifter simulacrum (unaware).

Vanquished Creatures
  A two-headed ogre (D:9)
  A komodo dragon (Lair:1)
  2 wyverns (D:9)
  7 yaks
  An acid dragon (D:9)
  3 water moccasins
  6 orc warriors
  A black bear (D:7)
  3 ice beasts
  A great orb of eyes simulacrum (IceCv)
  3 ogres
  2 centaurs
  A phantom (D:5)
  7 bullfrogs
  A gnoll sergeant (D:5)
  4 scorpions
  A water moccasin zombie (Ossuary)
  3 wights (D:7)
  9 killer bees (D:9)
  A bullfrog zombie (Ossuary)
  3 howler monkeys (D:7)
  2 centaur zombies (Ossuary)
  3 jellies
  2 hounds
  A human zombie (Ossuary)
  2 orc priests
  A gnoll bouda (D:7)
  A sleepcap (D:5)
  5 iguanas
  Ijyb (D:4)
  An orc wizard (D:6)
  2 scorpion zombies (Ossuary)
  2 shapeshifter simulacra (IceCv)
  2 ogre zombies (Ossuary)
  2 mummies
  6 adders
  12 gnolls
  A shadow imp (D:6)
  An ufetubus (D:4)
  3 adder zombies (Ossuary)
  3 worms
  A dart slug (D:4)
  19 orcs
  2 ball pythons
  3 bats
  6 endoplasms
  5 giant cockroaches
  3 gnoll zombies (Ossuary)
  12 goblins
  12 hobgoblins
  5 jackals
  7 quokkas
  8 frilled lizards
  7 goblin zombies (Ossuary)
  4 hobgoblin zombies (Ossuary)
  20 kobolds
  3 orc zombies (Ossuary)
  5 rats
236 creatures vanquished.

Notes
Turn   | Place    | Note
-------+----------+-------------------------------------------
     0 | D:1      | Fodor the Minotaur Fighter began the quest for the Orb.
     0 | D:1      | Reached XP level 1. HP: 19/19 MP: 0/0
    25 | D:1      | Found a faded altar of an unknown god.
    73 | D:1      | Reached XP level 2. HP: 10/27 MP: 1/1
   809 | D:2      | Reached XP level 3. HP: 28/34 MP: 2/2
   853 | D:2      | Reached skill level 3 in Long Blades
  1437 | D:2      | Reached XP level 4. HP: 41/41 MP: 3/3
  1475 | D:2      | Found a glowing golden altar of the Shining One.
  1579 | D:3      | Found a snail-covered altar of Cheibriados.
  1580 | D:3      | Found a blossoming altar of Fedhas.
  1580 | D:3      | Found a shimmering altar of Xom.
  1584 | D:3      | Found a stormy altar of Qazlal.
  1907 | D:3      | Reached skill level 4 in Long Blades
  1924 | D:3      | Identified the +1 robe "Wiz Ley" {Str+4}
  2286 | D:4      | Reached skill level 1 in Dodging
  2286 | D:4      | Reached XP level 5. HP: 47/47 MP: 4/4
  2418 | D:4      | Found Nimuveimp's Assorted Antiques.
  2422 | D:4      | Bought a scroll labelled QIERET OWYOXO for 24 gold pieces
  2422 | D:4      | Bought a scroll labelled EMYFEO ETYME for 24 gold pieces
  2511 | D:4      | Found a staircase to the Ecumenical Temple.
  2545 | Temple   | Entered the Ecumenical Temple
  2850 | D:4      | Noticed an ogre
  2858 | D:4      | Killed an ogre
  2859 | D:4      | Reached skill level 5 in Long Blades
  2859 | D:4      | Reached skill level 5 in Armour
  2859 | D:4      | Reached XP level 6. HP: 7/53 MP: 5/5
  3116 | D:4      | Noticed Ijyb
  3127 | D:4      | Killed Ijyb
  3188 | D:5      | Entered Level 5 of the Dungeon
  3454 | D:5      | Reached skill level 1 in Throwing
  3460 | D:5      | Reached XP level 7. HP: 35/60 MP: 6/6
  3624 | D:5      | Reached skill level 6 in Long Blades
  3992 | D:5      | Reached skill level 5 in Fighting
  4251 | D:5      | Reached skill level 7 in Long Blades
  4262 | D:5      | Reached skill level 5 in Shields
  4497 | D:6      | Reached XP level 8. HP: 68/68 MP: 7/7
  4497 | D:6      | You fall into a shaft and drop 3 floors!
  4534 | D:9      | Found a staircase to the Lair.
  4544 | D:9      | Found a bloodstained altar of Trog.
  4630 | D:9      | Reached skill level 8 in Long Blades
  5089 | D:9      | Found Bivvezax's Distillery.
  5134 | D:8      | Reached skill level 9 in Long Blades
  5134 | D:8      | Reached skill level 1 in Stealth
  5498 | D:8      | Found a flagged portal.
  5523 | Bailey   | Entered a bailey
  5671 | Bailey   | Reached XP level 9. HP: 41/75 MP: 8/8
  6144 | D:8      | Reached skill level 1 in Maces & Flails
  6145 | D:8      | Reached skill level 10 in Long Blades
  6787 | D:7      | Found an opulent altar of Gozag.
  6805 | D:7      | Became a worshipper of Gozag Ym Sagoz the Greedy
  6976 | D:7      | Found a sand-covered staircase.
  6984 | Ossuary  | Entered an ossuary
  7259 | Ossuary  | Reached skill level 5 in Maces & Flails
  7325 | Ossuary  | Noticed a silent spectre
  8219 | D:6      | Reached XP level 10. HP: 83/86 MP: 9/9
  8698 | D:4      | Bought a condenser vane for 960 gold pieces
  9327 | D:9      | Bought a potion of berserk rage for 60 gold pieces
  9457 | D:9      | Noticed a two-headed ogre
  9462 | D:9      | Killed a two-headed ogre
  9655 | Lair:1   | Entered Level 1 of the Lair of Beasts
  9690 | Lair:1   | Found a frozen archway.
  9722 | IceCv    | Entered an ice cave
  9741 | IceCv    | Noticed a quicksilver ooze
  9754 | IceCv    | Mangled by a quicksilver ooze

Illustrated notes

Levels and vault maps discovered:
D:1:      scummos_arrival_gate, layout_rooms, hellmonk_ecumenical_altar_run_dry
D:2:      layout_basic, basic_altar, serial_bayou_pond_d
D:3:      layout_basic, grunt_temple_overflow_open, minmay_misc_feat_iff,
          nicolae_concentric_dashed_squares_mild, grunt_decor_one_mirror
D:4:      layout_rooms, minmay_temple_entry_waves, serial_curves,
          eino_curves_01, eino_curves_02, serial_shops,
          nicolae_shop_tiny_waterfront, uniq_ijyb
D:5:      layout_loops_ring, minmay_lizard_king
D:6:      layout_basic
D:7:      layout_basic, lemuel_round_altar, gup_ossuary_entry_pyramid,
          hangedman_decor_opposing
D:8:      layout_layer_cave, enter_bailey_5
D:9:      layout_stronghold, mainiacjoe_overflow_boulevard, lair_entry_dummy,
          serial_shops, nicolae_stop_n_shop_1
Temple:   nicolae_temple_bog_church
Lair:1:   wander_river, layout_regular_city, portal_ice_cave_entry_pillars_1,
          gammafunk_ghost_abyssal_escape, serial_bayou_shore_b, uniq_amaemon
IceCv:    ice_cave_hellmonk_azure_passage

Skill      XL: |  1  2  3  4  5  6  7  8  9 10 |
---------------+-------------------------------+-----
Fighting       | 4 5 6 7 |  7.7
Armour         | 4 5 6 7 8 9 |  9.9
Long Blades    | 3 4 5 7 9 10 | 10.3
Shields        | 4 5 6 |  6.4
Dodging        | 1 2 3 |  3.6
Throwing       | 1 |  1.8
Stealth        | 1 2 |  2.7
Maces & Flails | 6 9 |  9.3
Evocations     | |  0.1

Action                     |  1- 3 |  4- 6 |  7- 9 | 10-12 || total
---------------------------+-------+-------+-------+-------++-------
  Melee: Long sword        |    92 |   101 |   204 |       ||   397
         Headbutt          |    10 |    23 |    67 |     8 ||   108
         Dire flail        |       |       |   101 |    55 ||   156
  Throw: Dart              |       |     7 |     7 |     5 ||    19
         Throwing net      |       |       |       |     1 ||     1
  Evoke: Wand              |       |       |     1 |       ||     1
         Condenser vane    |       |       |       |     1 ||     1
    Use: Scroll            |       |     5 |    13 |     2 ||    20
         Potion            |       |       |     1 |     5 ||     6
   Stab: Paralysed         |       |       |     6 |       ||     6
 Armour: Scale mail        |    73 |    33 |    78 |       ||   184
         Chain mail        |       |       |    62 |       ||    62
         Crystal plate arm |       |       |    16 |    94 ||   110
         Skin              |       |       |     2 |       ||     2
  Dodge: Dodged            |    69 |    55 |   263 |    51 ||   438
  Block: Buckler           |    26 |    17 |    72 |       ||   115
